 Dungeon Crawl Stone Soup version 0.22-a0-469-gf26638a (webtiles) character file.

498 saradell the Cutter (level 6, -6/56 HPs)
             Began as a Minotaur Berserker on June 13, 2018.
             Was a Priest of Trog.
             Mangled by Slunt's ghost (9 damage)
             ... on level 4 of the Dungeon.
             The game lasted 00:36:59 (3581 turns).

saradell the Cutter (Minotaur Berserker)            Turns: 3581, Time: 00:37:00

Health: -6/56      AC:  4    Str: 21    XL:     6   Next: 94%
Magic:  5/5        EV: 13    Int:  4    God:    Trog [***...]
Gold:   54         SH:  0    Dex: 12    Spells: 5/5 levels left

rFire    . . .     SeeInvis +   l - +1 scythe (flame)
rCold    . . .     Gourm    .   (shield currently unavailable)
rNeg     . . .     Faith    .   b - +0 animal skin
rPois    .         Spirit   .   D - +2 hat
rElec    .         Reflect  .   (no cloak)
rCorr    .         Harm     .   (no gloves)
MR       .....                  (no boots)
Stlth    ++........             (no amulet)
HPRegen  0.18/turn              i - ring of see invisible
MPRegen  0.09/turn              (no ring)

@: no status effects
A: retaliatory headbutt, horns 2
a: Berserk, Trog's Hand, Renounce Religion


You were on level 4 of the Dungeon.
You worshipped Trog.
Trog was most pleased with you.
You were not hungry.

You visited 1 branch of the dungeon, and saw 4 of its levels.

You collected 230 gold pieces.
You spent 176 gold pieces at shops.

Inventory:

Hand Weapons
 a - a +0 short sword
 e - a +0 hand axe
 l - a +1 scythe of flaming (weapon)
 u - a +0 whip
Missiles
 m - 142 stones (quivered)
 o - 57 bolts
Armour
 b - a +0 animal skin (worn)
 s - a +2 buckler
 t - a +0 scale mail
 w - a +1 cloak
 D - a +2 hat (worn)
Jewellery
 i - a ring of see invisible (left hand)
 p - a cursed -3 ring of dexterity {unknown}
Wands
 y - a wand of iceblast (8)
Scrolls
 d - a scroll of blinking {unknown}
 h - a scroll of remove curse
 j - a scroll of identify
 q - 3 scrolls of immolation {unknown}
 r - a scroll of enchant armour {unknown}
 x - 2 scrolls of teleportation {unknown}
 C - a scroll of magic mapping {unknown}
Potions
 f - a potion of haste {unknown}
 g - a potion of degeneration {unknown}
 k - a potion of mutation {unknown}
 n - 3 potions of curing {unknown}
 v - a potion of might {unknown}
 z - a potion of flight
 A - a potion of heal wounds {unknown}
 B - a potion of magic {unknown}
Comestibles
 c - 6 rations


   Skills:
 + Level 5.6 Fighting
 + Level 5.8 Short Blades
 + Level 2.4 Polearms
 + Level 2.8 Armour
 + Level 3.9 Dodging
 + Level 1.5 Stealth


You had 5 spell levels left.
You didn't know any spells.
Your spell library was empty.

Dungeon Overview and Level Annotations

Branches:
Dungeon (4/15)
 Temple: D:4-7

Altars:
Nemelex Xobeh
Sif Muna
Vehumet
The Shining One

Shops:
D:4 [

Annotations:
D:4 Slunt's ghost, amateur DsNe


Innate Abilities, Weirdness & Mutations

You reflexively headbutt those who attack you in melee.
You have a pair of horns on your head.


Message History

You start putting on your armour.
You continue putting on your +2 hat. x4
You finish putting on your +2 hat.
Found a stone staircase leading up.
There is a stone staircase leading up here.
Slunt's ghost (amateur Demonspawn Necromancer) comes into view.
It is wielding a weapon of electrocution.
Found a stone staircase leading down.
Slunt's ghost hits you.
You closely miss Slunt's ghost. Your headbutt misses Slunt's ghost.
Slunt's ghost hits you.
You are electrocuted!
Slunt's ghost hits you.
You slice Slunt's ghost!! You burn Slunt's ghost. You headbutt Slunt's ghost.
Slunt's ghost is heavily damaged.
Slunt's ghost hits you!
* * * LOW HITPOINT WARNING * * *
Slunt's ghost hits you but does no damage.
You slash Slunt's ghost! You burn Slunt's ghost.
Slunt's ghost is almost destroyed.
Slunt's ghost hits you!
* * * LOW HITPOINT WARNING * * *
Slunt's ghost hits you!
You die...

..# ..# ...# #####
#..# ....# #...##
∩.#.# ..... ..<.#
#####W.#
#..(#########...@..#
..#......##.<.####>#
########....### #
#...### #...#..#
#..####... #.# ##..
... ### ###


You could see Slunt's ghost.

Vanquished Creatures
  Sigmund (D:2)
  A bullfrog skeleton (D:4)
  Jessica (D:2)
  Terence (D:2)
  2 orc wizards (D:3)
  A worker ant (D:4)
  Natasha (thrice) (D:2)
  6 adders
  2 oozes
  2 worms
  3 dart slugs
  3 leopard geckos
  4 orcs (D:3)
  9 bats
  3 giant cockroaches
  12 goblins
  16 hobgoblins
  4 jackals (D:1)
  A quokka (D:2)
  A ball python (D:3)
  4 frilled lizards
  9 kobolds
  4 rats
93 creatures vanquished.

Vanquished Creatures (others)
  A hobgoblin (D:2)
1 creature vanquished.

Grand Total: 94 creatures vanquished

Notes
Turn   | Place    | Note
-------+----------+-------------------------------------------
     0 | D:1      | saradell the Minotaur Berserker began the quest for the Orb.
     0 | D:1      | Reached XP level 1. HP: 19/19 MP: 0/0
   200 | D:1      | Reached XP level 2. HP: 24/27 MP: 1/1
   846 | D:2      | Noticed Natasha
   861 | D:2      | Killed Natasha
   861 | D:2      | Reached XP level 3. HP: 11/33 MP: 2/2
   864 | D:2      | Found a deep blue altar of Sif Muna.
  1108 | D:2      | Noticed Natasha
  1120 | D:2      | Killed Natasha
  1120 | D:2      | Reached XP level 4. HP: 33/41 MP: 3/3
  1127 | D:2      | Noticed Natasha
  1398 | D:2      | Killed Natasha
  1403 | D:2      | Noticed Sigmund
  1461 | D:2      | Reached ** piety under Trog
  1468 | D:2      | Reached skill level 1 in Stealth
  1570 | D:2      | Reached XP level 5. HP: 47/47 MP: 4/4
  1614 | D:2      | Noticed Jessica
  1623 | D:2      | Killed Jessica
  1623 | D:2      | Reached skill level 5 in Short Blades
  2079 | D:2      | Killed Sigmund
  2079 | D:2      | Reached skill level 5 in Fighting
  2079 | D:2      | Reached XP level 6. HP: 15/56 MP: 5/5
  2105 | D:2      | Noticed Terence
  2114 | D:2      | Killed Terence
  2132 | D:2      | Found a radiant altar of Vehumet.
  2615 | D:3      | Reached skill level 1 in Polearms
  2680 | D:3      | Reached *** piety under Trog
  3068 | D:4      | Found Marur's Armour Emporium.
  3105 | D:4      | Found a sparkling altar of Nemelex Xobeh.
  3176 | D:4      | Found a glowing golden altar of the Shining One.
  3558 | D:4      | Bought a +2 hat for 176 gold pieces
  3575 | D:4      | Noticed Slunt's ghost (amateur DsNe)
  3581 | D:4      | Mangled by Slunt's ghost

Vault maps used:
D:1:      saegor_arrival_miasma, minmay_misc_feat_tiny
D:2:      lemuel_round_altar, fiery_altar_vehumet, serial_forest,
          infiniplex_forest_lined_2, infiniplex_forest_clump_small,
          infiniplex_forest_clump_C, infiniplex_forest_lined_room_,
          infiniplex_forest_zigzag_2, infiniplex_forest_lined_room_2,
          uniq_jessica, uniq_natasha, uniq_terence, uniq_sigmund
D:3:      minmay_cut_off
D:4:      cheibrodos_greedy_goblins, nemelex_altar_shiori, first_ration,
          serial_shops, nicolae_shop_stone, minmay_misc_feat_cross,
          tso_metal_star

Skill      XL: |  1  2  3  4  5  6 |
---------------+-------------------+-----
Fighting       | 4 5 |  5.6
Short Blades   | 4 5 |  5.8
Stealth        | 1 |  1.5
Dodging        | 3 |  3.9
Polearms       | 2 |  2.4
Armour         | |  2.8

Action                   |  1- 3 |  4- 6 || total
-------------------------+-------+-------++-------
Melee: Short sword       |    70 |    68 ||   138
       Headbutt          |    10 |    29 ||    39
       Scythe            |       |    82 ||    82
  Use: Scroll            |     1 |     1 ||     2
       Potion            |       |     1 ||     1
 Stab: Sleeping          |     1 |     2 ||     3
  Eat: Ration            |       |     2 ||     2
       Chunk             |       |     2 ||     2
Armor: Animal skin       |     9 |    20 ||    29
Dodge: Dodged            |    45 |   105 ||   150

Table legend:
 A = Spawn XP
 B = Non-spawn XP
 C = Spawn XP percentage of total XP
 D = Spawn monster count
 E = Non-spawn monster count
 F = Spawn count percentage of total count
 G = Total turns spent on level
                    A         B        C        D         E        F      G
               +---------+---------+-------+---------+---------+-------+---------
         Total |       0 |     712 |   0.0 |       0 |      93 |   0.0 |  3581
               +---------+---------+-------+---------+---------+-------+---------
           D:1 |       0 |      33 |   0.0 |       0 |      20 |   0.0 |  1482
           D:2 |       0 |     410 |   0.0 |       0 |      26 |   0.0 |   850
           D:3 |       0 |     170 |   0.0 |       0 |      32 |   0.0 |   736
           D:4 |       0 |      99 |   0.0 |       0 |      15 |   0.0 |   513
               +---------+---------+-------+---------+---------+-------+---------
